 Dungeon Sprint DCSS version 0.21-a0-286-g6fcecc0 (webtiles) character file.

166 Kidiri the Thaumaturge (level 5, -11/28 HPs)
             Began as a Deep Elf Fire Elementalist on Sept 27, 2017.
             Was an Initiate of Vehumet.
             Mangled by an earth elemental (39 damage)
             ... summoned by a deep elf mage
             ... in the Dungeon (Sprint III: "The Ten Rune Challenge").
             The game lasted 00:03:40 (363 turns).

Kidiri the Thaumaturge (Deep Elf Fire Elementalist)  Turns: 363, Time: 00:03:41

Health: -11/28     AC:  2    Str:  5    XL:     5   Next: 22%
Magic:  15/19      EV: 13    Int: 19    God:    Vehumet [......]
Gold:   38         SH:  0    Dex: 15    Spells: 6/24 levels left

rFire    . . .     SeeInvis .   e - +0 dagger
rCold    + . .     Gourm    .   (no shield)
rNeg     . . .     Faith    .   a - +0 robe
rPois    .         Spirit   .   (helmet restricted)
rElec    .         Reflect  .   (no cloak)
rCorr    .         Harm     .   (no gloves)
MR       .....     Clarity  +   (no boots) Stlth ++........NoTele +
                                (no amulet)
HPRegen  0.09/turn              (no ring)
MPRegen  0.16/turn              (no ring)

@: no status effects
A: antennae 1, claws 1, fangs 1, clarity, cold resistance 1, deterioration 1,
dopey 1
a: Renounce Religion


You were in the Dungeon.
You worshipped Vehumet.
Vehumet was noncommittal.
You were not hungry.

You visited 1 branch You collected 38 gold pieces.

Inventory:

Hand Weapons
 e - a +0 dagger (weapon)
Armour
 a - a +0 robe (worn)
Scrolls
 i - a scroll of blinking
 k - a scroll of amnesia
 m - 2 scrolls of holy word
 n - a scroll of identify
 o - 4 scrolls of remove curse
Potions
 d - a potion of invisibility
 f - a potion of haste
 g - 2 potions of magic
 h - a potion of berserk rage
 q - 4 potions of flight
Comestibles
 c - a bread ration
 j - 3 chunks of flesh
 p - a royal jelly
 r - 2 fruits


   Skills:
 - Level 2.4 Dodging
 - Level 2.4 Stealth
 * Level 10.2 Spellcasting
 + Level 5.7 Conjurations
 + Level 6.7 Fire Magic


You had 6 spell levels left.
You knew the following spells:

 Your Spells              Type           Power        Failure   Level  Hunger
a - Flame Tongue          Conj/Fire      ####.        1%          1    None
b - Throw Flame           Conj/Fire      ####..       1%          2    None
c - Conjure Flame         Conj/Fire      ####....     1%          3    None
d - Inner Flame           Hex/Fire       ###.....     5%          3    None
e - Sticky Flame          Conj/Fire      ####....     5%          4    ##.....
f - Fireball              Conj/Fire      ####......   16%         5    #####..


Dungeon Overview and Level Annotations

Branches:
Dungeon (1/1)

Altars:
Elyvilon
Kikubaaqudgha
Sif Muna
Vehumet
Zin
The Shining One


Innate Abilities, Weirdness & Mutations

You have a pair of small antennae on your head.
You have sharp fingernails.
You have very sharp teeth.
You possess an exceptional clarity of mind.
Your flesh is cold resistant. (rC+)
Your body sometimes deteriorates upon taking damage.
You are dopey. (Int -2)


Message History

As you open the door, it creaks loudly!
You hear a shout!
Found a glowing silver altar of Zin.
A deep elf mage comes into view.
It is wielding a long sword of holy wrath.
Found two altars.
There is an open door here.
Casting: Flame Tongue
Confirm with . or Enter, or press ? or * to list all spells.
Aiming: Sticky Flame
Press: ? - help, Shift-Dir - straight line, f - deep elf mage
Aim: a deep elf mage, wielding a long sword of holy wrath The sticky flame hits the deep elf mage.
The deep elf mage is lightly wounded.
The deep elf mage is covered in liquid flames!
The deep elf mage burns!
The deep elf mage casts a spell.
Unknown command.
Unknown command.
You close the door.
The earth elemental hits you!!!
Ouch! That really hurt!
You die...

▓▓▓▓▓▓▓▓ ▓▓▓ ..+....♣♣♣
♣.##### ..#......♣
♣.#__e# ###....♣♣♣
♣.#...#
..#....≈.♣♣♣♣.###+#+###+
..#.÷.≈≈.♣.♣..#.@EE......
[(#..≈≈≈≈♣.♣..'.⌠........
#'#..≈≈≈≈≈≈♣♣.#...######+
..#.≈≈≈≈≈≈....#.⌠.#
÷.#.≈≈≈≈≈.....#...#{
..#.≈≈≈.......#+###
###...........#.:.#
..............#___#
▓▓▓▓▓▓▓▓▓▓▓▓▓▓▓▓▓▓▓


You could see 2 earth elementals.

Vanquished Creatures
  A water elemental (D)
  Jessica (D)
  A wizard (D)
  A human (D)
  A kobold demonologist (D)
  A wolf (D)
  An ooze (D)
  2 rats (D)
9 creatures vanquished.

Vanquished Creatures (others)
  2 draconian scorchers (D)
  6 hellions (D)
  A yaktaur (D)
  A plant (D)
10 creatures vanquished.

Grand Total: 19 creatures vanquished

Notes
Turn   | Place    | Note
-------+----------+-------------------------------------------
     0 | D        | Kidiri the Deep Elf Fire Elementalist began the quest for the Orb.
     0 | D        | Reached XP level 1. HP: 10/10 MP: 6/6
     3 | D        | Reached skill level 4 in Spellcasting
    45 | D        | Noticed Jessica
    67 | D        | Killed Jessica
    67 | D        | Reached skill level 6 in Spellcasting
    67 | D        | Reached XP level 2. HP: 12/15 MP: 1/11
    67 | D        | Reached XP level 3. HP: 15/19 MP: 1/12
    71 | D        | Learned a level 2 spell: Throw Flame
    75 | D        | Learned a level 3 spell: Conjure Flame
    79 | D        | Learned a level 3 spell: Inner Flame
    88 | D        | Killed a hellion
    89 | D        | Killed a hellion
   102 | D        | Killed a hellion
   102 | D        | Killed a hellion
   103 | D        | Killed a hellion
   153 | D        | Reached skill level 7 in Spellcasting
   153 | D        | Reached skill level 5 in Fire Magic
   159 | D        | Killed a white draconian scorcher
   171 | D        | Gained mutation: You tend to lose your temper in combat. [potion of mutation]
   171 | D        | Gained mutation: You have sharp fingernails. [potion of mutation]
   171 | D        | Gained mutation: Your spells are a little harder to cast, but a little more powerful. [potion of mutation]
   171 | D        | Gained mutation: You are partially covered in slimy green scales. (AC +2) [potion of mutation]
   172 | D        | Lost mutation: Your spells are a little harder to cast, but a little more powerful. [potion of mutation]
   172 | D        | Lost mutation: You tend to lose your temper in combat. [potion of mutation]
   172 | D        | Lost mutation: You are partially covered in slimy green scales. (AC +2) [potion of mutation]
   172 | D        | Lost mutation: You have sharp fingernails. [potion of mutation]
   172 | D        | Gained mutation: You have sharp toenails. [potion of mutation]
   172 | D        | Gained mutation: You expend magic power (3 MP) to strengthen your wands. [potion of mutation]
   172 | D        | Gained mutation: Your system is resistant to poisons. (rPois) [potion of mutation]
   173 | D        | Lost mutation: You have sharp toenails. [potion of mutation]
   173 | D        | Lost mutation: You expend magic power (3 MP) to strengthen your wands. [potion of mutation]
   173 | D        | Lost mutation: Your system is resistant to poisons. (rPois) [potion of mutation]
   173 | D        | Gained mutation: Scrolls take you a little longer to read. [potion of mutation]
   173 | D        | Gained mutation: You are resistant to electric shocks. (rElec) [potion of mutation]
   173 | D        | Gained mutation: You have very sharp teeth. [potion of mutation]
   174 | D        | Lost mutation: Scrolls take you a little longer to read. [potion of mutation]
   174 | D        | Lost mutation: You are resistant to electric shocks. (rElec) [potion of mutation]
   174 | D        | Gained mutation: You are clumsy. (Dex -2) [potion of mutation]
   174 | D        | Gained mutation: You have a pair of small antennae on your head. [potion of mutation]
   174 | D        | Gained mutation: You possess an exceptional clarity of mind. [potion of mutation]
   174 | D        | Gained mutation: Your muscles are strong. (Str +2) [potion of mutation]
   175 | D        | Lost mutation: You are clumsy. (Dex -2) [potion of mutation]
   175 | D        | Lost mutation: Your muscles are strong. (Str +2) [potion of mutation]
   175 | D        | Gained mutation: Your body sometimes deteriorates upon taking damage. [potion of mutation]
   175 | D        | Gained mutation: You are dopey. (Int -2) [potion of mutation]
   175 | D        | Gained mutation: You have sharp fingernails. [potion of mutation]
   175 | D        | Gained mutation: Your flesh is cold resistant. (rC+) [potion of mutation]
   180 | D        | Killed a hellion
   198 | D        | Killed a yaktaur
   204 | D        | Killed a white draconian scorcher
   252 | D        | Noticed a water elemental
   255 | D        | Killed a water elemental
   255 | D        | Reached skill level 9 in Spellcasting
   255 | D        | Reached skill level 5 in Conjurations
   255 | D        | Reached XP level 4. HP: 24/24 MP: 11/17
   261 | D        | Learned a level 4 spell: Sticky Flame
   294 | D        | Found a radiant altar of Vehumet.
   295 | D        | Found a deep blue altar of Sif Muna.
   295 | D        | Found an ancient bone altar of Kikubaaqudgha.
   295 | D        | Noticed a wizard
   297 | D        | Killed a wizard
   297 | D        | Reached XP level 5. HP: 28/28 MP: 14/19
   300 | D        | Reached skill level 10 in Spellcasting
   308 | D        | Learned a level 5 spell: Fireball
   317 | D        | Became a worshipper of Vehumet
   359 | D        | Found a glowing silver altar of Zin.
   360 | D        | Found a glowing golden altar of the Shining One.
   360 | D        | Found a white marble altar of Elyvilon.
   360 | D        | Noticed a deep elf mage
   363 | D        | Mangled by an earth elemental

Vault maps used:
D:        dungeon_sprint_mu

Skill      XL: |  1  2  3  4  5 |
---------------+----------------+-----
Spellcasting   | 6 9 10 | 10.2
Conjurations   | 3 5 |  5.7
Fire Magic     | 4 6 |  6.7
Dodging        | |  2.4
Stealth        | |  2.4

Action                   |  1- 3 |  4- 6 || total
-------------------------+-------+-------++-------
Melee: Dagger            |       |     1 ||     1
 Cast: Flame Tongue      |    19 |     1 ||    20
       Throw Flame       |     2 |       ||     2
       Conjure Flame     |     1 |       ||     1
       Sticky Flame      |       |     3 ||     3
  Use: Potion            |     7 |       ||     7
       Scroll            |     2 |       ||     2
 Stab: Sleeping          |       |     1 ||     1
Armor: Robe              |     2 |     1 ||     3
Dodge: Dodged            |     3 |     8 ||    11

Table legend:
 A = Spawn XP
 B = Non-spawn XP
 C = Spawn XP percentage of total XP
 D = Spawn monster count
 E = Non-spawn monster count
 F = Spawn count percentage of total count
 G = Total turns spent on level
                    A         B        C        D         E        F      G
               +---------+---------+-------+---------+---------+-------+---------
         Total |       0 |     238 |   0.0 |       0 |       9 |   0.0 |   363
               +---------+---------+-------+---------+---------+-------+---------
             D |       0 |     238 |   0.0 |       0 |       9 |   0.0 |   363
               +---------+---------+-------+---------+---------+-------+---------
